Map: [ESL] Ancient Cistern

Players

Lambo - Winner!

  • Race: Zerg Zerg
  • Spawn Location: 1:00

Elazer

  • Race: Zerg Zerg
  • Spawn Location: 7:00

Event: ESL SC2 Masters 2023 Summer (Regionals)

VOD

Have the link to the VOD?

Description

Time

  • Played on: May 28, 2023, 6:21 a.m.
  • Length: 10:35

All games in this series

Show
View Real Time Build Order
Export as new Build Order

Lambo Zerg - Winner!

Build Orders: Hatch First 

Get SALT Encoding   

  12  0:00  Drone  
  13  0:12  Overlord  
  13  0:17  Drone  
  14  0:31  Drone x2  
  16  0:47  Hatchery  
  15  0:51  Drone  
  15  0:54  Drone  
  17  0:57  Drone  
  18  1:08  Extractor  
  17  1:12  Spawning Pool  
  17  1:16  Drone  
  17  1:18  Drone  
  18  1:28  Drone  
  19  1:38  Drone  
  20  1:51  Drone  
  21  1:59  Queen x2  
  21  2:00  Overlord, Zergling x2  
  26  2:08  Metabolic Boost  
  26  2:10  Drone  
  26  2:11  Drone  
  28  2:21  Drone  
  28  2:22  Zergling x2  
  30  2:31  Drone  
  30  2:32  Drone  
  32  2:37  Hatchery  
  32  2:42  Drone  
  32  2:46  Baneling Nest  
  32  2:49  Overlord  
  31  2:57  Zergling x2  
  31  2:58  Drone  
  31  3:05  Drone  
  33  3:09  Drone x2  
  33  3:10  Drone x2, Zergling x4  
  39  3:15  Zergling x2  
  39  3:17  Evolution Chamber  
  39  3:19  Overlord  
  39  3:25  Drone  
  40  3:27  Queen  
  40  3:31  Baneling  
  42  3:39  Drone x4  
  42  3:40  Drone x2  
  48  3:42  Drone  
  48  3:46  Zerg Melee Weapons Level 1  
  49  3:50  Drone x2  
  49  3:53  Extractor  
  49  3:55  Overlord  
  50  3:57  Zergling x2  
  51  4:04  Overlord  
  51  4:13  Zergling x4  
  51  4:14  Zergling x14  
  60  4:19  Overlord  
  60  4:22  Zergling x2  
  60  4:23  Zergling x2  
  60  4:24  Overlord  
  62  4:32  Baneling x2  
  62  4:33  Baneling x4  
  62  4:36  Overlord  
  62  4:37  Zergling x6  
  65  4:49  Zergling x16  
  72  4:58  Zergling x8  
  73  5:03  Zergling x2  
  72  5:07  Baneling x7  
  72  5:08  Zergling x4  
  72  5:12  Zergling x2  
  72  5:13  Baneling x4  
  75  5:18  Zergling x2  
  75  5:19  Zergling x2  
  77  5:22  Zergling x2  
  72  5:37  Zergling x8  
  69  5:43  Baneling x4  
  69  5:45  Drone x10  
  69  5:49  Zergling x2  
  73  5:53  Zergling x2  
  73  5:56  Zergling x2  
  71  6:00  Lair  
  71  6:02  Roach Warren  
  69  6:05  Drone x2  
  69  6:09  Extractor  
  70  6:13  Zergling x4  
  70  6:18  Zergling x4  
  70  6:22  Zergling x6  
  70  6:23  Zerg Missile Weapons Level 1  
  69  6:27  Drone x3  
  69  6:32  Drone x2  
  71  6:35  Extractor  
  71  6:37  Drone x2  
  71  6:38  Drone  
  71  6:39  Drone  
  74  6:40  Hatchery, Overlord  
  74  6:44  Extractor, Overlord  
  72  6:49  Roach  
  74  6:54  Drone  
  74  6:56  Roach x6  
  74  7:00  Glial Reconstitution  
  87  7:02  Roach x2  
  87  7:04  Overlord  
  87  7:06  Roach  
  93  7:13  Extractor  
  93  7:14  Roach x4  
  100  7:17  Overlord  
  100  7:25  Roach x4  
  107  7:30  Overlord  
  105  7:39  Roach x6  
  105  7:40  Drone x2  
  116  7:46  Overlord  
  116  7:48  Drone x3  
  116  7:50  Drone  
  118  7:56  Spire  
  115  7:59  Drone x4  
  115  8:05  Roach x2  
  123  8:09  Drone x5  
  127  8:15  Drone x2  
  127  8:19  Overlord  
  129  8:25  Roach x3  
  135  8:27  Drone  
  135  8:30  Overlord  
  136  8:36  Overlord  
  136  8:38  Overlord  
  136  8:39  Roach x2  
  140  8:44  Roach  
  140  8:45  Roach x3  
  141  8:52  Roach x4  
  149  8:56  Overlord  
  142  9:12  Mutalisk x7  
  142  9:14  Mutalisk  
  158  9:17  Drone x2  
  158  9:24  Roach x3  
  166  9:32  Roach x4  
  166  9:37  Roach x3  
  180  9:41  Roach x2  
  180  9:44  Roach x2  
  188  9:54  Roach x2  
  187  10:07  Roach x2  
  187  10:13  Overlord  
Show
View Real Time Build Order
Export as new Build Order

Elazer Zerg 

Build Orders: Hatch First 

Get SALT Encoding   

  12  0:00  Drone  
  13  0:12  Overlord  
  13  0:16  Drone  
  14  0:31  Drone x2  
  16  0:47  Hatchery  
  15  0:50  Drone  
  15  0:54  Drone  
  18  0:57  Drone  
  18  1:07  Extractor  
  17  1:12  Spawning Pool  
  17  1:16  Drone  
  17  1:18  Drone  
  18  1:28  Drone  
  19  1:38  Drone  
  20  1:52  Drone  
  21  1:58  Queen x2  
  21  1:59  Zergling x2  
  21  2:00  Overlord  
  26  2:07  Metabolic Boost  
  26  2:10  Drone x2  
  28  2:20  Drone  
  28  2:21  Drone  
  30  2:32  Hatchery  
  30  2:34  Zergling x2  
  30  2:37  Drone  
  31  2:45  Drone, Baneling Nest  
  31  2:50  Overlord  
  31  2:53  Drone  
  31  2:56  Drone  
  32  3:06  Drone, Overlord  
  32  3:08  Drone x2  
  32  3:12  Zergling x6  
  38  3:14  Zergling x2  
  39  3:23  Drone x2  
  41  3:34  Drone x2  
  41  3:35  Queen  
  41  3:38  Drone x3  
  41  3:39  Drone x2  
  41  3:40  Drone  
  51  3:43  Drone  
  51  3:46  Drone  
  53  3:53  Overlord  
  53  3:56  Roach Warren  
  53  4:00  Lair  
  52  4:04  Zergling x8  
  55  4:11  Overlord  
  55  4:12  Drone x3  
  55  4:13  Drone  
  59  4:19  Baneling x2  
  59  4:22  Overlord x2  
  59  4:31  Baneling x2  
  59  4:34  Zergling x6  
  59  4:37  Overlord  
  62  4:39  Roach x4  
  69  4:53  Roach  
  69  4:58  Drone x10  
  79  5:09  Extractor  
  79  5:10  Extractor, Roach x2  
  79  5:12  Extractor  
  80  5:18  Evolution Chamber  
  80  5:21  Overlord  
  79  5:23  Baneling  
  79  5:25  Baneling  
  79  5:32  Drone x6  
  80  5:47  Roach x2  
  80  5:49  Zergling x2  
  84  5:50  Zergling x10  
  84  5:52  Queen  
  84  5:53  Queen  
  81  5:59  Roach x2  
  80  6:04  Roach, Zergling x4  
  81  6:16  Roach x4  
  82  6:28  Roach  
  82  6:29  Hatchery  
  83  6:33  Zerg Missile Weapons Level 1, Extractor  
  83  6:34  Drone x4  
  83  6:36  Drone x4  
  90  6:48  Overlord  
  90  6:52  Drone  
  90  6:53  Drone x2  
  93  7:02  Roach x2  
  93  7:03  Roach, Hatchery  
  93  7:04  Overlord x5  
  93  7:06  Pneumatized Carapace  
  97  7:08  Baneling x3  
  97  7:09  Baneling  
  97  7:11  Glial Reconstitution  
  97  7:17  Overlord  
  94  7:26  Queen  
  91  7:31  Roach x3  
  94  7:44  Roach x7, Queen  
  94  7:48  Queen  
  106  7:54  Overlord  
  106  7:55  Drone x2  
  108  8:04  Roach x2  
  112  8:09  Roach  
  112  8:10  Roach x2  
  112  8:12  Roach  
  120  8:18  Roach  
  120  8:19  Roach x2  
  126  8:24  Roach x2  
  130  8:31  Drone x3  
  130  8:33  Drone  
  134  8:36  Drone  
  134  8:40  Drone x2  
  137  8:45  Drone x4  
  140  8:53  Drone x3  
  142  9:07  Roach x9  
  154  9:12  Overlord  
  154  9:14  Extractor  
  154  9:16  Roach x3  
  159  9:30  Overlord x4  
  157  9:34  Roach x3  
  163  9:39  Ravager  
  163  9:40  Ravager x3  
  167  9:50  Hydralisk Den  
  167  9:52  Drone x9  
  175  9:53  Drone  
  175  9:54  Spore Crawler x2  
  166  10:04  Roach x6  
  168  10:11  Roach  
  168  10:12  Roach x3  
  168  10:15  Roach x2  
Tags
 
Add a new tag
Caveats
  • Supply blocks, unpowered buildings, or Contaminate may cause inaccurate times.
  • Supply counts are checked every 10 seconds.